 Dungeon Crawl Stone Soup version 0.27-a0-1513-g2aaa0cc67b (webtiles) character file.

Game seed: 6373701301382525552

4 blackman the Shield-Bearer (level 1, 0/18 HPs)
             Began as a Human Fighter on July 9, 2021.
             Slain by a ball python (2 damage)
             ... on level 1 of the Dungeon.
             The game lasted 00:00:50 (144 turns).

blackman the Shield-Bearer (Human Fighter)           Turns: 144, Time: 00:00:51

Health: 0/18       AC:  6    Str: 16    XL:     1   Next: 66%
Magic:  1/1        EV:  3    Int:  8    God:
Gold:   0          SH:  8    Dex: 12    Spells: 0/0 levels left

rFire    . . .     SeeInvis .   a - +0 long sword
rCold    . . .     Faith    .   c - +0 kite shield
rNeg     . . .     Spirit   .   b - +0 scale mail
rPois    .         Reflect  .   (no helmet)
rElec    .         Harm     .   (no cloak)
rCorr    .         Rampage  .   (no gloves)
Will     .....                  (no boots)
Stlth    ..........             (no amulet)
HPRegen  0.06/turn              (no ring)
MPRegen  0.07/turn              (no ring)

@: constricted
A: no striking features
a: no special abilities


You were on level 1 of the Dungeon.
You visited 1 branch of the dungeon, and saw 1 of its levels.

Inventory:

Hand Weapons
 a - a +0 long sword (weapon)
Missiles
 h - 19 poisoned darts (quivered)
Armour
 b - a +0 scale mail (worn)
 c - a +0 kite shield (worn)
 f - a +0 pair of gloves
Potions
 d - a potion of might
 e - a potion of magic {unknown}
 g - a potion of resistance {unknown}
 i - a potion of invisibility {unknown}
 j - 2 potions of flight {unknown}


   Skills:
 - Level 3.0 Fighting
 * Level 2.4 Long Blades
 - Level 3.0 Armour
 - Level 3.0 Shields


You couldn't memorise any spells.
You didn't know any spells.
Your spell library was empty.

Dungeon Overview and Level Annotations

Branches:
Dungeon (1/15)

Altars:


Message History

The bat hits you but does no damage. You block the bat's attack.
You block the ball python's attack. The ball python constricts you.
You escape the ball python's grasp.
You block the bat's attack. You block the bat's attack.
You block the bat's attack. You block the bat's attack.
The bat barely misses you. You block the bat's attack.
The bat closely misses you. You block the bat's attack.
The bat closely misses you. The bat hits you. You block the bat's attack.
There is a stone staircase leading down here.
You can't go up here!
The bat hits you but does no damage. x2; The ball python completely misses you.
The ball python grabs you.
You stop descending the stairs.
* * * LOW HITPOINT WARNING * * *
The ball python constricts you.
You escape the ball python's grasp.
The bat hits you but does no damage. You block the ball python's attack.
The ball python grabs you.
You stop descending the stairs.
The ball python constricts you.
You escape the ball python's grasp.
The bat barely misses you. The ball python bites you.
* * * LOW HITPOINT WARNING * * *
The ball python grabs you.
You stop descending the stairs.
The ball python constricts you.
You escape the ball python's grasp.
The bat hits you but does no damage. You block the ball python's attack.
The ball python barely misses you. You block the ball python's attack.
The ball python grabs you.
You stop descending the stairs.
The ball python constricts you.
The ball python bites you but does no damage.
You escape the ball python's grasp.
The bat hits you but does no damage. You block the bat's attack.
The ball python bites you but does no damage.
The ball python grabs you.
You stop descending the stairs.
The ball python constricts you. You block the ball python's attack.
The ball python's grasp on you weakens, but your attempt to escape fails.
You block the bat's attack. The ball python bites you.
* * * LOW HITPOINT WARNING * * *
x2 The ball python constricts you.
The ball python bites you.
You die...

.......≈≈≈.....#.#.≈≈...≈≈.≈.+
.........g...#.#.#..≈≈≈≈≈..≈.#
.........###.#...#≈..≈≈≈..≈≈.#
......K..# #.###.#≈≈.....≈≈≈.#
.....[.###
#.r.#.##≈≈≈≈≈≈≈≈.8.. >......#
###.#.###########... ....r.♣♣
♣ #.K.####### ##. ...♣♣♣♣
♣.♣♣.SSg.....# ##...♣
♣....@......# ...♣♣.♣♣♣
♣♣♣♣........>#
#...♣♣♣.♣♣♣........b...#
..........#...#........#
........####...........###
.........####.#...........
.......................#
..........###..........#
.########..####........#


You could see a hobgoblin, a bat, 2 ball pythons, a kobold and a rat.

Vanquished Creatures
  A ball python (D:1)
  A giant cockroach (D:1)
  2 frilled lizards (D:1)
4 creatures vanquished.

Vanquished Creatures (others)
  A hobgoblin (D:1)
1 creature vanquished.

Grand Total: 5 creatures vanquished

Notes
Turn   | Place    | Note
-------+----------+-------------------------------------------
     0 | D:1      | blackman the Human Fighter began the quest for the Orb.
     0 | D:1      | Reached XP level 1. HP: 18/18 MP: 1/1
   144 | D:1      | Slain by a ball python

Illustrated notes

Levels and vault maps discovered:
D:1:      psy_arrival_whirlpool, layout_rooms, chequers_ecumenical_altar_twisty,
          lemuel_another_geyser

Action                   || total
-------------------------++-------
Melee: Long sword        ||    16
Armor: Scale mail        ||    28
Dodge: Dodged            ||    16
Block: Kite shield       ||    29
       Rpst.: Long sword ||     1

Table legend: (Time is in decaauts)
 A = Elapsed time spent in this place.
 B = Non-inter-level travel time spent in this place.
 C = Inter-level travel time spent in this place.
 D = Time resting spent in this place.
 E = Time spent auto-exploring this place.
 F = Levels seen in this place.
 G = Mean time per level.
                   A        B        C        D        E       F      G
               +--------+--------+--------+--------+--------+-----+--------+
         Total |    153 |    143 |     10 |      0 |     69 |   1 |  153.0 |
       Dungeon |    153 |    143 |     10 |      0 |     69 |   1 |  153.0 |
               +--------+--------+--------+--------+--------+-----+--------+

Top non-repeatable levels by time:
     D:1: 153 daAuts
